 Dungeon Sprint DCSS version 0.31-a0-844-gdc52ec4e09 (webtiles) character file.

Game seed: 9676620697166443308

1398 sircluck the Grappler (level 8, -4/139 HPs)
             Began as a Troll Berserker on Sept 29, 2023.
             Was a Believer of Trog.
             Slain by a ghost moth (14 damage)
             ... in the Dungeon (Sprint VII: "The Pits").
             The game lasted 00:00:47 (449 turns).

sircluck the Grappler (Troll Berserker)              Turns: 449, Time: 00:00:47

Health: -4/139     AC:  4    Str: 28      XL:     8   Next: 41%
Magic:  0/7        EV: 12    Int:  2 (3)  God:    Trog [**....]
Gold:   0          SH:  0    Dex:  8 (9)  Spells: 7/7 levels left

rFire   . .          .
                       - Unarmed
rCold   . . .        (no shield)
rNeg    . . .        a - +0 animal skin
rPois   .            (helmet restricted)
rElec   .            (no cloak)
rCorr   .            (gloves unavailable)
SInv    .            (boots unavailable)
Will    .....        (no amulet) Stlth
                     (no ring)
HPRegen 1.23/turn    (no ring)
MPRegen 0.10/turn

%: no teleportation
@: berserking, lethally poisoned (-4 -> -34), very quick
A: large, unfitting armour, claws 3, regeneration 1, shaggy fur 1, tough skin 1
a: Renounce Religion, Berserk, Trog's Hand


You were in the Dungeon.
You worshipped Trog.
Trog was pleased with you.
You visited 1 branch

Inventory:

Armour
 a - a +0 animal skin (worn)
Scrolls
 g - a scroll of blinking
Potions
 b - a potion of curing
 c - a potion of heal wounds
 d - a potion of haste
 e - 2 potions of magic
 f - a potion of berserk rage


   Skills:
 + Level 9.6 Fighting
 + Level 9.5 Dodging
 + Level 11.3 Unarmed Combat


You had 7 spell levels left.
You didn't know any spells.
Your spell library was empty.

Dungeon Overview and Level Annotations

Branches:
Dungeon (1/1)

Altars:


Innate Abilities, Weirdness & Mutations

You are too large for most types of armour.
You have claws for hands.
Your natural rate of healing is unusually fast.
You are covered in fur. (AC +1)
You have tough skin. (AC +1)


Message History

You barely miss the black mamba. The black mamba bites you!
You are poisoned.
The black mamba poisons you!
You closely miss the black mamba.
You feel very sick.
The black mamba bites you but does no damage.
You scratch the black mamba.
The black mamba is lightly wounded.
You feel sick.
You feel you are being watched by something.
The black mamba bites you!
You are more poisoned.
The black mamba poisons you!
You miss the black mamba.
The black mamba is lightly wounded.
You feel very sick. The black mamba bites you!
You are more poisoned.
The black mamba poisons you!
You feel you are being watched by something.
Something hits you!
Deactivating autopickup; reactivate with Ctrl-A.
Something hits you!
You feel clumsy. Something stings you.
* * * LOW HITPOINT WARNING * * *
You feel dopey.
You closely miss the black mamba. Your claw misses the black mamba.
The black mamba is lightly wounded.
* * * LOW HITPOINT WARNING * * *
You feel very sick. The black mamba misses you.
You mangle something!!
* * * LOW HITPOINT WARNING * * *
You feel very sick.
You feel you are being watched by something.
Something hits you!!
* * * LOW HITPOINT WARNING * * *
Something hits you but does no damage. Something stings you!
You die...

..# ..# ######## ..#
...##..# ..#
...##..# ..#
...''..# 3.#
...'†..##########S.#
...##..†........@{.#
...##..............#
####################
### ..# ### #


You could see a black mamba and a smoke demon.

Vanquished Creatures
  A death yak (D)
  A manticore (D)
  A wyvern (D)
  A wraith (D)
  A redback (D)
  A worm (D)
6 creatures vanquished.

Notes
Turn   | Place    | Note
-------+----------+-------------------------------------------
     0 | D        | sircluck the Troll Berserker began the quest for the Orb.
     0 | D        | Reached XP level 1. HP: 22/22 MP: 0/0
    11 | D        | Noticed a death yak
   123 | D        | Killed a death yak
   124 | D        | Reached skill level 9 in Unarmed Combat
   124 | D        | Reached XP level 2. HP: 21/41 MP: 1/1
   124 | D        | Reached XP level 3. HP: 25/48 MP: 2/2
   124 | D        | Reached XP level 4. HP: 30/57 MP: 3/3
   124 | D        | Reached XP level 5. HP: 33/63 MP: 4/4
   124 | D        | Reached XP level 6. HP: 38/72 MP: 5/5
   124 | D        | Reached XP level 7. HP: 41/79 MP: 6/6
   183 | D        | Noticed a wraith
   188 | D        | Killed a wraith
   188 | D        | Reached ** piety under Trog
   188 | D        | Noticed a redback
   193 | D        | Killed a redback
   194 | D        | Reached skill level 10 in Unarmed Combat
   263 | D        | Noticed a manticore
   380 | D        | Killed a manticore
   381 | D        | Reached skill level 11 in Unarmed Combat
   381 | D        | Reached XP level 8. HP: 92/92 MP: 7/7
   441 | D        | Noticed a smoke demon
   441 | D        | Noticed a black mamba
   449 | D        | Slain by a ghost moth

Illustrated notes

Levels and vault maps discovered:
D:        pitsprint [storerooms_1, entrance_room_1, metal_vault_6, armoury_2,
          mini_pit_1, grid_room_1, main_hall_1, silver_pit, the_coven_1,
          the_vestibule_1, steel_vault_5, golden_pit, hallway_of_sentries,
          crystal_vault_4, iron_vault_4, final_vault]

Skill      XL: |  1  2  3  4  5  6  7 |
---------------+----------------------+-----
Fighting       | 7 9 |  9.6
Dodging        | 7 9 |  9.5
Unarmed Combat | 9 11 | 11.3

Action                     |  1- 3 |  4- 6 |  7- 9 || total
---------------------------+-------+-------+-------++-------
  Melee: Unarmed           |     7 |       |    21 ||    28
         Punch             |       |       |     1 ||     1
 Invoke: Berserk           |     1 |       |     3 ||     4
 Armour: Animal skin       |     2 |       |    18 ||    20
  Dodge: Dodged            |     2 |       |     5 ||     7

Table legend: (Time is in decaauts)
 A = Elapsed time spent in this place.
 B = Non-inter-level travel time spent in this place.
 C = Inter-level travel time spent in this place.
 D = Time resting spent in this place.
 E = Time spent auto-exploring this place.
 F = Levels seen in this place.
 G = Mean time per level.
                   A        B        C        D        E       F      G
               +--------+--------+--------+--------+--------+-----+--------+
         Total |    474 |    474 |      0 |    357 |     10 |   1 |  474.0 |
       Dungeon |    474 |    474 |      0 |    357 |     10 |   1 |  474.0 |
               +--------+--------+--------+--------+--------+-----+--------+

Top non-repeatable levels by time:
       D: 474 daAuts
